 Dungeon Crawl Stone Soup version 0.26-a0-597-gb535b0901c (webtiles) character file.

Game seed: 15729565385909785577

22 ANON1729 the Sneak (level 2, -1/24 HPs)
             Began as a Demonspawn Delver on Aug 25, 2020.
             Slain by a hound skeleton (3 damage)
             ... on level 5 of the Dungeon.
             The game lasted 00:03:10 (412 turns).

ANON1729 the Sneak (Demonspawn Delver)               Turns: 412, Time: 00:03:11

Health: -1/24      AC:  3    Str: 12    XL:     2   Next: 68%
Magic:  2/2        EV: 12    Int: 11    God:
Gold:   0          SH:  0    Dex: 14    Spells: 1/1 levels left

rFire    . . .     SeeInvis .   a - +0 falchion
rCold    . . .     Faith    .   (no shield)
rNeg     . . .     Spirit   .   b - +0 leather armour
rPois    .         Reflect  .   (no helmet)
rElec    .         Harm     .   (no cloak)
rCorr    .                      (no gloves)
MR       .....                  (no boots)
Stlth    ++........             (no amulet)
HPRegen  0.08/turn              (no ring)
MPRegen  0.08/turn              (no ring)

@: lethally poisoned (-1 -> -4)
A: hooves 1
a: no special abilities


You were on level 5 of the Dungeon.
You visited 1 branch of the dungeon, and saw 1 of its levels.

Inventory:

Hand Weapons
 a - a +0 falchion (weapon)
Missiles
 i - 21 arrows (quivered)
Armour
 b - a +0 leather armour (worn)
Wands
 g - a wand of digging (3)
Scrolls
 c - a scroll of fog
 d - a scroll of magic mapping


   Skills:
 + Level 3.2 Fighting
 + Level 2.1 Long Blades
 + Level 2.1 Dodging
 + Level 4.7 Stealth


You had one spell level left.
You didn't know any spells.
Your spell library was empty.

Dungeon Overview and Level Annotations

Branches:
Dungeon (5/15)
 Temple: D:4-7

Altars:


Innate Abilities, Weirdness & Mutations

You have large cloven feet.


Message History

The orc shouts!
A hound skeleton comes into view.
Found an emerald potion.
Found a stone staircase leading down.
A howler monkey zombie comes into view.
Found a murky blue potion.
You feel sick.
The howler monkey zombie barely misses you.
You riposte.
You completely miss the howler monkey zombie.
You kick the howler monkey zombie.
The howler monkey zombie is lightly damaged.
The hound skeleton bites you.
* * * LOW HITPOINT WARNING * * *
You see here a murky blue potion.
e - a murky blue potion
* * * LOW HITPOINT WARNING * * *
You feel sick. The hound skeleton barely misses you.
It was a potion of cancellation.
You feel magically purged. The hound skeleton bites you.
You die...

###### .....####
##############.......>
#..........s.........#
#.########## #@##.# .#
###.# #.#Z#.# .# ....#
#.###oZ##.## .#### #.#
##.#...## .# ##
#......!# .#
#.#.......# .#
..###......# .# #.#
##...#.# .# #. ##.##.#


You could see a scorpion, an orc, a howler monkey zombie and a hound skeleton.

Vanquished Creatures
  An adder (D:5)
  A river rat (D:5)
  A worm (D:5)
  A jackal skeleton (D:5)
4 creatures vanquished.

Notes
Turn   | Place    | Note
-------+----------+-------------------------------------------
     0 | D:5      | ANON1729 the Demonspawn Delver began the quest for the Orb.
     0 | D:5      | Reached XP level 1. HP: 18/18 MP: 1/1
    20 | D:5      | Gained mutation: You have large cloven feet. [demonic
                  | ancestry]
    20 | D:5      | Reached XP level 2. HP: 17/24 MP: 2/2
   239 | D:5      | Noticed a scorpion
   412 | D:5      | Slain by a hound skeleton

Illustrated notes

Levels and vault maps discovered:
D:5:      layout_loops_ring, lightli_sewer_entry_pipes,
          gammafunk_ghost_necromancy

Skill      XL: |  1 |
---------------+----+-----
Long Blades    | 2 |  2.1
Dodging        | 2 |  2.1
Fighting       | |  3.2
Stealth        | |  4.7

Action                   || total
-------------------------++-------
Melee: Falchion          ||    23
       Kick              ||     9
  Use: Scroll            ||     3
       Potion            ||     2
Armor: Leather armour    ||     1
Dodge: Dodged            ||    13
       Rpst.: Falchion   ||     3

Table legend: (Time is in decaauts)
 A = Elapsed time spent in this place.
 B = Non-inter-level travel time spent in this place.
 C = Inter-level travel time spent in this place.
 D = Time resting spent in this place.
 E = Time spent auto-exploring this place.
 F = Levels seen in this place.
 G = Mean time per level.
                   A        B        C        D        E       F      G
               +--------+--------+--------+--------+--------+-----+--------+
         Total |    431 |    431 |      0 |    126 |      8 |   1 |  431.0 |
       Dungeon |    431 |    431 |      0 |    126 |      8 |   1 |  431.0 |
               +--------+--------+--------+--------+--------+-----+--------+

Top non-repeatable levels by time:
     D:5: 431 daAuts
